 Dungeon Crawl Stone Soup version 0.28.0-47-ge53b351184 (webtiles) character file.

Game seed: 13523511334770743289

1008 GigaChad the Slasher (level 8, -6/70 HPs)
             Began as a Minotaur Fighter on May 4, 2022.
             Was a Plaything of Xom.
             Mangled by an orc warrior
             ... wielding a +0 broad axe
              (11 damage)
             ... on level 5 of the Dungeon.
             The game lasted 00:12:33 (4158 turns).

GigaChad the Slasher (Minotaur Fighter)             Turns: 4158, Time: 00:12:34

Health: -6/70      AC:  7    Str: 19 (20) XL:     8   Next: 1%
Magic:  7/7        EV:  7    Int:  5      God:    Xom [*.....]
Gold:   222        SH:  5    Dex: 12 (15) Spells: 7/7 levels left

rFire   . . .      SeeInvis .   s - +3 falchion (drain)
rCold   . . .      Faith    .   c - +0 buckler
rNeg    . . .      Spirit   .   h - +1 chain mail
rPois   .          Reflect  .   (helmet restricted)
rElec   .          Harm     .   (no cloak)
rCorr   .          Rampage  .   (no gloves)
Will    .....                   (no boots)
Stlth   ..........              (no amulet)
HPRegen 0.21/turn               (no ring)
MPRegen 0.10/turn               (no ring)

@: no status effects
A: horns 2, retaliatory headbutt, hooves 1, agile 1, deformed body,
deterioration 1, evolution 1
a: Renounce Religion


You were on level 5 of the Dungeon.
You worshipped Xom.
You were a special plaything of Xom.
You visited 1 branch of the dungeon, and saw 5 of its levels.
You also visited: Ossuary.

You collected 222 gold pieces.

Inventory:

Hand Weapons
 a - a +0 long sword
 e - a +0 halberd
 s - a +3 falchion of draining (weapon)
 t - a +0 giant spiked club
 w - a +0 morningstar
 z - a +3 falchion
Armour
 b - a +0 scale mail
 c - a +0 buckler (worn)
 h - a +1 chain mail (worn)
 r - a +3 ring mail of positive energy
Jewellery
 v - a ring of protection from fire
 x - a +4 ring of protection
Wands
 u - a wand of paralysis (6)
Scrolls
 i - a scroll of fear
 j - 2 scrolls of teleportation
 y - a scroll of vulnerability {unknown}
Potions
 d - 2 potions of might
 f - 4 potions of heal wounds
 g - 2 potions of resistance
 k - a potion of ambrosia {unknown}
 l - a potion of flight {unknown}
 m - a potion of brilliance {unknown}
 n - 2 potions of mutation {unknown}
 o - a potion of haste {unknown}
 p - a potion of magic {unknown}
 q - a potion of degeneration {unknown}


   Skills:
 + Level 5.8 Fighting
 + Level 7.7 Long Blades
 + Level 5.9 Armour
 + Level 2.0 Dodging
 + Level 1.1 Stealth
 + Level 5.2 Shields


You had 7 spell levels left.
You didn't know any spells.
Your spell library contained the following spells:

 Spells                   Type           Power      Damage    Failure   Level
 Ignite Poison            Fire/Tmut/Pois 0%         N/A       100%        3
 Mephitic Cloud           Conj/Pois/Air  0%         N/A       100%        3
 Freezing Cloud           Conj/Ice/Air   0%         6-21      100%        5


Dungeon Overview and Level Annotations

Branches:
Dungeon (5/15)            Ossuary (visited)
 Temple: D:4-7

Altars:
Wu Jian
Xom


Innate Abilities, Weirdness & Mutations

You have a pair of horns on your head.
You reflexively headbutt those who attack you in melee.
You have large cloven feet.
You are agile. (Dex +2)
Armour fits poorly on your strangely shaped body.
Your body sometimes deteriorates upon taking damage.
You have hidden genetic potential.


Message History

The orc is wielding a +1 flail of protection.
The orc warrior shouts!
An orc wizard comes into view. It is wielding a +1 dagger of flaming.
The orc wizard shouts!
Found a Young Poisoner's Handbook. "Boo!"
You hear a shout! x5
The orc warrior barely misses you.
The orc warrior hits you with a +0 broad axe!
Your body deteriorates!
You feel clumsy.
You closely miss the orc wizard.
The orc wizard hits you but does no damage.
The orc warrior completely misses you.
You closely miss the orc wizard. You slash the orc wizard!
You drain the orc wizard. Your headbutt misses the orc wizard.
The orc wizard is almost dead.
The orc wizard hits you but does no damage.
The orc warrior hits you with a +0 broad axe!!
The orc hits you but does no damage.
You slash the orc wizard!
You kill the orc wizard!
The orc warrior hits you with a +0 broad axe!
* * * LOW HITPOINT WARNING * * *
The orc barely misses you.
A centaur comes into view.
You have reached level 8!
You feel agile.
You hit the orc warrior but do no damage.
You drain the orc warrior.
You kick the orc warrior, but do no damage.
Your headbutt misses the orc warrior.
The orc warrior is lightly wounded.
The centaur wields a +0 shortbow.
The centaur shoots an arrow.
The arrow hits you!
* * * LOW HITPOINT WARNING * * *
Your body deteriorates!
You feel weakened.
The orc warrior hits you with a +0 broad axe!
You die...
Xom cackles wildly!

.:...###..
#.....#...
#......c.
###......#
#.!......##
##.........#
#..........##
#............
##...@)......
##...oo......
#..)<..#.....
#.....##...##
####..# .##
..... #
#.....
........
.###...#


You could see an orc warrior (drained), a centaur and an orc.

Vanquished Creatures
  A black bear (D:4)
  2 ogres (D:4)
  2 phantoms (D:4)
  Blork the orc (D:4)
  2 centaur zombies (Ossuary)
  A hound (D:4)
  A jelly (D:3)
  2 human zombies (Ossuary)
  Terence (D:3)
  An iguana (D:4)
  2 orc wizards
  2 hound zombies (Ossuary)
  2 hound skeletons (D:4)
  3 mummies (Ossuary)
  3 adders
  An ufetubus (D:4)
  An adder zombie (Ossuary)
  An adder skeleton (D:4)
  A worm (D:2)
  A dart slug (D:2)
  13 orcs
  9 ball pythons
  A bat (D:3)
  5 endoplasms
  2 giant cockroaches
  A gnoll zombie (Ossuary)
  14 goblins
  7 hobgoblins
  5 kobolds
  4 quokkas
  A frilled lizard (D:2)
  7 goblin zombies (Ossuary)
  6 hobgoblin zombies
  4 jackal zombies (Ossuary)
  4 kobold zombies (Ossuary)
  3 orc zombies (Ossuary)
  2 quokka zombies (Ossuary)
  11 rats
  3 rat zombies (Ossuary)
133 creatures vanquished.

Notes
Turn   | Place    | Note
-------+----------+-------------------------------------------
     0 | D:1      | GigaChad the Minotaur Fighter began the quest for the Orb.
     0 | D:1      | Reached XP level 1. HP: 19/19 MP: 0/0
   159 | D:1      | Found a faded altar of an unknown god.
   161 | D:1      | Noticed a great orb of eyes
   161 | D:1      | Noticed a great orb of eyes
   162 | D:1      | Noticed a great orb of eyes
   162 | D:1      | Noticed a shining eye
   178 | D:1      | Reached XP level 2. HP: 25/27 MP: 1/1
   202 | D:1      | Prayed at the altar of an unknown god.
   202 | D:1      | Became a worshipper of Xom of Chaos
   499 | D:1      | XOM: noise
   696 | D:1      | XOM: 1-stop teleportation journey
  1041 | D:2      | Reached skill level 3 in Long Blades
  1048 | D:2      | XOM: enchant monster (bad)
  1053 | D:2      | XOM: swap monsters
  1076 | D:2      | Reached XP level 3. HP: 12/33 MP: 2/2
  1245 | D:2      | XOM: give mutation
  1245 | D:2      | Gained mutation: Your body sometimes deteriorates upon
                  | taking damage. [Xom's mischief]
  1276 | D:2      | Found an ornate altar of the Wu Jian Council.
  1463 | D:2      | XOM: enchant monster (bad)
  1508 | D:2      | XOM: 2-stop teleportation journey
  1629 | D:2      | XOM: silly message
  1672 | D:2      | XOM: 1-stop teleportation journey
  2216 | D:3      | Noticed Terence
  2231 | D:3      | Killed Terence
  2232 | D:3      | Reached XP level 4. HP: 40/41 MP: 3/3
  2330 | D:3      | Reached skill level 4 in Long Blades
  2595 | D:3      | Reached skill level 1 in Dodging
  2595 | D:3      | Reached XP level 5. HP: 47/47 MP: 4/4
  2858 | D:4      | Noticed an ogre
  2924 | D:4      | Found a sand-covered staircase.
  2932 | D:4      | XOM: confuse monster(s)
  2947 | D:4      | Killed an ogre
  2948 | D:4      | Reached skill level 5 in Long Blades
  2948 | D:4      | Reached skill level 5 in Armour
  2952 | Ossuary  | Entered an ossuary
  3067 | Ossuary  | Reached XP level 6. HP: 47/55 MP: 5/5
  3208 | Ossuary  | XOM: swap monsters
  3274 | Ossuary  | XOM: enchant monster (bad)
  3277 | Ossuary  | Reached skill level 5 in Fighting
  3298 | Ossuary  | XOM: silly message
  3312 | Ossuary  | Reached skill level 6 in Long Blades
  3444 | D:4      | XOM: give mutations
  3444 | D:4      | Gained mutation: Your mind is acute. (Int +2) [Xom's
                  | mischief]
  3444 | D:4      | Gained mutation: You have hidden genetic potential. [Xom's
                  | mischief]
  3444 | D:4      | Lost mutation: Your mind is acute. (Int +2) [Xom's
                  | mischief]
  3460 | D:4      | Reached XP level 7. HP: 59/61 MP: 6/6
  3481 | D:4      | Noticed Blork the orc
  3489 | D:4      | Killed Blork the orc
  3490 | D:4      | XOM: repel stairs
  3503 | D:4      | XOM: swap monsters
  3558 | D:4      | XOM: swap monsters
  3561 | D:4      | XOM: noise
  3567 | D:4      | XOM: enchant monster (good)
  3568 | D:4      | XOM: swap monsters
  3576 | D:4      | XOM: enchant monster (bad)
  3577 | D:4      | Reached skill level 7 in Long Blades
  3590 | D:4      | Reached skill level 5 in Shields
  3592 | D:4      | Reached skill level 1 in Stealth
  3602 | D:4      | Gained mutation: You are agile. (Dex +2) [hidden potential]
  3766 | D:4      | XOM: 8-stop teleportation journey
  3925 | D:4      | XOM: give mutation
  3925 | D:4      | Gained mutation: You have large cloven feet. [Xom's
                  | mischief]
  3966 | D:4      | XOM: give mutation
  3966 | D:4      | Gained mutation: Armour fits poorly on your strangely
                  | shaped body. [Xom's mischief]
  3982 | D:4      | XOM: confuse monster(s)
  3986 | D:4      | XOM: repel stairs
  4047 | D:4      | XOM: summons 4 hostile demons
  4143 | D:5      | Entered Level 5 of the Dungeon
  4152 | D:5      | XOM: noise
  4158 | D:5      | Reached XP level 8. HP: 17/70 MP: 7/7
  4158 | D:5      | Mangled by an orc warrior

Illustrated notes

Levels and vault maps discovered:
D:1:      heliophobic_arrival_henge, layout_basic,
          hellmonk_ecumenical_altar_watching_god, grunt_decor_cap,
          minmay_misc_feat_iff
D:2:      layout_loops_corners, basic_altar, minmay_rat_gold_closets
D:3:      corexii_shack_village, layout_basic, uniq_terence
D:4:      minmay_general_purpose_star, layout_rooms, enter_ossuary_3,
          abandoned_shop, uniq_blork_the_orc
D:5:      layout_cave_pools, kennysheep_boxes

Skill      XL: |  1  2  3  4  5  6  7 |
---------------+----------------------+-----
Armour         | 4 5 |  5.9
Long Blades    | 3 4 5 6 7 |  7.7
Fighting       | 4 5 |  5.8
Dodging        | 1 2 |  2.0
Shields        | 4 5 |  5.2
Stealth        | 1 |  1.1

Action                   |  1- 3 |  4- 6 |  7- 9 || total
-------------------------+-------+-------+-------++-------
Melee: Long sword        |    82 |    96 |       ||   178
       Headbutt          |     7 |    36 |    14 ||    57
       Falchion          |       |    90 |    75 ||   165
       Kick              |       |       |     6 ||     6
  Use: Scroll            |     1 |     7 |       ||     8
 Stab: Confused          |       |     1 |     2 ||     3
       Petrified         |       |       |     1 ||     1
Armor: Scale mail        |    12 |       |       ||    12
       Chain mail        |    39 |   126 |    69 ||   234
Dodge: Dodged            |    20 |    67 |    45 ||   132
Block: Buckler           |    21 |    61 |    34 ||   116
